 Dungeon Crawl Stone Soup version 0.25-a0-294-gea9b1ad378 (webtiles) character file.

Game seed: 6531467923266162802, levelgen mode: classic

46 Borgoz the Cudgeler (level 3, -1/22 HPs)
             Began as a Gargoyle Gladiator on Dec 17, 2019.
             Slain by a worm (8 damage)
             ... on level 2 of the Dungeon.
             The game lasted 00:00:52 (609 turns).

Borgoz the Cudgeler (Gargoyle Gladiator)             Turns: 609, Time: 00:00:52

Health: -1/22      AC:  7    Str: 18    XL:     3   Next: 66%
Magic:  3/3        EV: 12    Int:  8    God:
Gold:   39         SH:  0    Dex: 11    Spells: 2/2 levels left

rFire    . . .     SeeInvis .   a - +0 flail
rCold    . . .     Gourm    .   (no shield)
rNeg     + . .     Faith    .   b - +0 leather armour
rPois    ∞         Spirit   .   c - +0 helmet
rElec    +         Reflect  .   (no cloak)
rCorr    .         Harm     .   (no gloves)
MR       .....                  (no boots)
Stlth    +.........             (no amulet)
HPRegen  0.07/turn              (no ring)
MPRegen  0.08/turn              (no ring)

@: no status effects
A: negative energy resistance 1, electricity resistance, unbreathing,
petrification resistance, rot immunity, AC +3
a: no special abilities


You were on level 2 of the Dungeon.
You were not hungry.

You visited 1 branch of the dungeon, and saw 2 of its levels.

You collected 39 gold pieces.

Inventory:

Hand Weapons
 a - a +0 flail (weapon)
Missiles
 d - 3 throwing nets (quivered)
Armour
 b - a +0 leather armour (worn)
 c - a +0 helmet (worn)
Scrolls
 e - a scroll of teleportation {unknown}
 h - 3 scrolls of identify {unknown}
 i - a scroll of blinking {unknown}
 j - 2 scrolls of remove curse {unknown}
 l - a scroll of immolation {unknown}
Potions
 g - a potion of magic {unknown}
 k - a potion of heal wounds {unknown}
Comestibles
 f - a ration


   Skills:
 + Level 2.7 Fighting
 * Level 3.6 Maces & Flails
 - Level 1.7 Throwing
 + Level 1.2 Armour
 + Level 2.7 Dodging


You had 2 spell levels left.
You didn't know any spells.
Your spell library was empty.

Dungeon Overview and Level Annotations

Branches:
Dungeon (2/15)

Altars:
Uskayaw


Innate Abilities, Weirdness & Mutations

You are resistant to torment.
Your stone body is resilient. (AC +3)
You are immune to poison.
You resist negative energy. (rN+)
You are resistant to electric shocks. (rElec)
You can survive without breathing.
You are immune to petrification.
You are immune to rotting.


Message History

Natasha screams in fury as she dies!
Your Armour skill increases to level 1!
You have reached level 3!
Your experience leads to an increase in your attributes!
Increase (S)trength, (I)ntelligence, or (D)exterity?
You feel stronger.
Found 15 gold pieces.
You hit the worm.
The worm is moderately wounded.
A leopard gecko comes into view.
The worm bites you.
You barely miss the worm.
The worm is lightly wounded.
You sock the worm!
The worm is severely wounded.
The worm bites you.
You hit the worm.
The worm is almost dead.
The worm bites you!
You die...

.... ... ## ..
.##.# ...#
..########.######..
.....<.).)<†.......
..########........#
#.w@.##..#...
......#### ....
##.l. .... $... ...
..# .. $ .


You could see a worm and a leopard gecko.

Vanquished Creatures
  Natasha (D:2)
  A leopard gecko (D:1)
  3 bats (D:1)
  3 goblins
  3 hobgoblins (D:1)
  4 kobolds
  4 rats
19 creatures vanquished.

Notes
Turn   | Place    | Note
-------+----------+-------------------------------------------
     0 | D:1      | Borgoz the Gargoyle Gladiator began the quest for the Orb.
     0 | D:1      | Reached XP level 1. HP: 12/12 MP: 1/1
    81 | D:1      | Reached XP level 2. HP: 13/18 MP: 2/2
   574 | D:2      | Found a hide-covered altar of Uskayaw.
   596 | D:2      | Noticed Natasha
   603 | D:2      | Killed Natasha
   603 | D:2      | Reached skill level 1 in Armour
   603 | D:2      | Reached XP level 3. HP: 12/22 MP: 3/3
   609 | D:2      | Slain by a worm

Levels and vault maps discovered:
D:1:      dpeg_arrival_radiant, layout_loops_ring
D:2:      layout_rooms, lemuel_round_altar, lemuel_doored_altar, uniq_natasha

Skill      XL: |  1  2 |
---------------+-------+-----
Armour         | 1 |  1.2
Fighting       | |  2.7
Maces & Flails | |  3.6
Throwing       | |  1.7
Dodging        | |  2.7

Action                   || total
-------------------------++-------
Melee: Flail             ||    64
Armor: Leather armour    ||    27
Dodge: Dodged            ||    41

Table legend:
 A = Non-vault XP
 B = Vault XP
 C = Vault XP percentage of total XP
 D = Non-vault monster count
 E = Vault monster count
 F = Vault count percentage of total count
                 A         B        C        D         E       F
            +---------+---------+-------+---------+---------+-------
      Total |      30 |      36 |  54.5 |      18 |       1 |   5.3
            +---------+---------+-------+---------+---------+-------
        D:1 |      26 |       0 |   0.0 |      15 |       0 |   0.0
        D:2 |       4 |      36 |  90.0 |       3 |       1 |  25.0
            +---------+---------+-------+---------+---------+-------
